 Dungeon Crawl Stone Soup version 0.26.0-10-g1f06aea511 (webtiles) character file.

Game seed: 12609017726603553999

3269 Amaterasu the Cleaver (level 9, -6/68 HPs)
             Began as a Demonspawn Fighter on Jan 25, 2021.
             Was a Priest of Makhleb.
             Mangled by an orc warrior
             ... wielding a +0 dire flail
              (13 damage)
             ... on level 8 of the Dungeon.
             The game lasted 00:12:54 (8539 turns).

Amaterasu the Cleaver (Demonspawn Fighter)          Turns: 8539, Time: 00:12:55

Health: -6/68      AC: 15    Str: 19    XL:     9   Next: 68%
Magic:  0/22       EV:  7    Int:  9    God:    Makhleb [***...]
Gold:   428        SH: 10    Dex: 14    Spells: 8/8 levels left

rFire    + . .     SeeInvis .   a - +1 war axe
rCold    . . .     Faith    .   c - +0 kite shield
rNeg     + . .     Spirit   +   u - +0 chain mail
rPois    .         Reflect  .   (helmet restricted)
rElec    .         Harm     .   p - +0 cloak {rCorr}
rCorr    +         Rampage  .   k - +1 pair of gloves
Will     .....                  (no boots)
Stlth    ..........             (no amulet)
HPRegen  0.21/turn              h - ring of magical power
MPRegen  0.18/turn              l - ring of positive energy

@: hasted, studying Dodging, very quick
A: horns 2, yellow scales 1, fire resistance 1, magic shield, flame cloud
immunity
a: Renounce Religion, Minor Destruction, Lesser Servant of Makhleb


You were on level 8 of the Dungeon.
You worshipped Makhleb.
Makhleb was most pleased with you.
You visited 1 branch of the dungeon, and saw 8 of its levels.

You collected 428 gold pieces.

Inventory:

Hand Weapons
 a - a +1 war axe (weapon)
Armour
 c - a +0 kite shield (worn)
 k - a +1 pair of gloves (worn)
 p - a +0 cloak of preservation (worn)
 u - a +0 chain mail (worn)
Jewellery
 h - a ring of magical power (left hand)
 l - a ring of positive energy (right hand)
 m - an uncursed ring of resist corrosion
 w - an uncursed ring of flight {unknown}
Wands
 j - a wand of polymorph (9)
 n - a wand of random effects (22)
 t - a wand of digging (3)
 z - a wand of flame (15)
 C - a wand of acid (8)
Scrolls
 g - 5 scrolls of teleportation
 y - 2 scrolls of remove curse
 B - a scroll of amnesia
Potions
 b - a potion of mutation {unknown}
 d - a potion of might
 e - a potion of resistance
 f - 2 potions of attraction
 i - 2 potions of curing
 o - 3 potions of brilliance
 q - 2 potions of haste
 r - 2 potions of cancellation {unknown}
 x - a potion of degeneration {unknown}
 A - a potion of lignification
Books
 v - a manual of Dodging


   Skills:
 * Level 5.5 Fighting
 - Level 8.0 Axes
 * Level 4.5 Armour
 * Level 3.1 Dodging
 * Level 4.6 Shields
 * Level 5.6 Invocations
 * Level 5.4 Evocations


You had 8 spell levels left.
You didn't know any spells.
Your spell library contained the following spells:

 Spells                   Type           Power        Failure   Level
 Confusing Touch          Hex            0%           100%        3
 Gell's Gravitas          Tloc           0%           100%        3
 Petrify                  Tmut/Erth      0%           100%        4
 Metabolic Englaciation   Hex/Ice        0%           100%        5
 Yara's Violent Unravell  Hex/Tmut       0%           100%        5


Dungeon Overview and Level Annotations

Branches:
Dungeon (8/15)             Temple (0/1) D:5
   Lair: D:8-11

Altars:
Ashenzari
Fedhas
Gozag
Hepliaklqana
Makhleb
Uskayaw
Vehumet
Wu Jian
Xom
Zin
The Shining One
Beogh


Innate Abilities, Weirdness & Mutations

You have a pair of horns on your head.
You are partially covered in yellow scales. (AC +2)
Your flesh is heat resistant. (rF+)
When hurt, damage is shared between your health and your magic reserves.
You are immune to clouds of flame.


Message History

You closely miss the orc warrior.
You headbutt the orc warrior, but do no damage.
The orc warrior is almost dead.
You barely miss the orc. x2; You closely miss the orc warrior.
You hit the orc but do no damage.
The orc warrior hits you with a +0 dire flail.
* * * LOW HITPOINT WARNING * * *
The orc hits you but does no damage.
You hit the orc warrior but do no damage.
The orc warrior is almost dead.
You barely miss the orc. You closely miss the orc warrior. You hit the orc.
You slash the orc!
You kill the orc!
Makhleb accepts your kill. The orc hits you but does no damage. x2
The orc warrior hits you with a +0 mace!
* * * LOW HITPOINT WARNING * * *
An orc comes into view.
The orc warrior hits you with a +0 dire flail!
You die...

..,#.......#,,,,*######'######.#
...#.......+,,,,* #........#
...........#,,,,* ##.......#
...........#,,,,* #.......#
...........#******#### #.......#
......#'##########...###.......#
......#...............##.......#
......###########.....##.......#
.....,,*,.oo_ooo@[....###+####.#
####**,*,.ooo#oooo...## *,* #.#
* **,*,o,,,#.oo...<# #,** #.# *
*,,*,,,,,#.....### #.,* #.# ***
*,,*,,,,,#.....# *#.**#.# ,,*
*,,******#....$# #..##.## ,,*
*,,,* *,(...### *#...... ,,*
***** *.....# #..#.##
,,**********,,,,,* ##.#.#


You could see 2 orc warriors, an orc priest and 12 orcs.

Vanquished Creatures
  Pikel (D:4)
  A hornet zombie (D:6)
  2 water moccasins
  An ice beast (D:8)
  2 orc warriors
  An ogre (D:8)
  3 necrophages (D:6)
  2 centaurs (D:5)
  A lemure (D:4)
  A big kobold (D:7)
  4 bullfrogs
  A scorpion (D:4)
  8 orc priests
  A jelly (D:7)
  4 hounds
  10 orc wizards
  Crazy Yiuf (D:3)
  3 iguanas
  A centaur skeleton (D:6)
  9 worker ants
  A worker ant zombie (D:4)
  Robin (D:4)
  4 gnolls (D:4)
  11 adders
  A river rat (D:4)
  2 white imps (D:7)
  2 worms
  3 dart slugs
  10 leopard geckos
  25 orcs
  A ball python (D:4)
  7 giant cockroaches
  15 goblins
  11 hobgoblins
  10 jackals
  11 kobolds
  A quokka (D:3)
  5 bats (D:2)
  3 frilled lizards
  A jackal skeleton (D:5)
  A jackal zombie (D:6)
  A leopard gecko zombie (D:6)
  2 quokka skeletons
  6 rats
192 creatures vanquished.

Vanquished Creatures (others)
  4 bushes (D:6)
  13 plants (D:6)
17 creatures vanquished.

Grand Total: 209 creatures vanquished

Notes
Turn   | Place    | Note
-------+----------+-------------------------------------------
     0 | D:1      | Amaterasu the Demonspawn Fighter began the quest for the
                  | Orb.
     0 | D:1      | Reached XP level 1. HP: 18/18 MP: 1/1
    18 | D:1      | Reached skill level 2 in Axes
   256 | D:1      | Gained mutation: You have a pair of small horns on your
                  | head. [demonic ancestry]
   256 | D:1      | Reached XP level 2. HP: 24/24 MP: 2/2
   810 | D:2      | Reached skill level 3 in Axes
   873 | D:2      | Gained mutation: Your flesh is heat resistant. (rF+)
                  | [demonic ancestry]
   873 | D:2      | Reached XP level 3. HP: 29/29 MP: 3/3
   898 | D:2      | Found a hazy altar of Hepliaklqana.
  1286 | D:2      | Found a glowing silver altar of Zin.
  1305 | D:2      | Found a faded altar of an unknown god.
  1316 | D:2      | Reached XP level 4. HP: 35/35 MP: 4/4
  1375 | D:2      | Reached skill level 4 in Axes
  1704 | D:2      | Found a burning altar of Makhleb.
  1723 | D:2      | Became a worshipper of Makhleb the Destroyer
  2060 | D:3      | Gained mutation: You are immune to clouds of flame.
                  | [demonic ancestry]
  2060 | D:3      | Reached XP level 5. HP: 29/41 MP: 5/5
  2396 | D:3      | Found a runed translucent door.
  2397 | D:3      | Noticed Crazy Yiuf
  2648 | D:3      | Found a broken altar of Ashenzari.
  2665 | D:3      | Reached * piety under Makhleb
  2666 | D:3      | Reached skill level 5 in Axes
  2775 | D:3      | Killed Crazy Yiuf
  2902 | D:4      | Noticed Robin
  2927 | D:4      | Killed Robin
  2956 | D:4      | Found a shimmering altar of Xom.
  3187 | D:4      | Reached XP level 6. HP: 47/47 MP: 6/6
  3243 | D:4      | Found an ornate altar of the Wu Jian Council.
  3458 | D:4      | Reached skill level 1 in Dodging
  3907 | D:4      | Found a hide-covered altar of Uskayaw.
  3907 | D:4      | Found an opulent altar of Gozag.
  3908 | D:4      | Found a blossoming altar of Fedhas.
  4177 | D:4      | Noticed Pikel
  4201 | D:4      | Killed Pikel
  4202 | D:4      | Reached skill level 5 in Fighting
  4202 | D:4      | Reached skill level 1 in Invocations
  4202 | D:4      | Reached skill level 1 in Evocations
  4202 | D:4      | Gained mutation: You have a pair of horns on your head.
                  | [demonic ancestry]
  4202 | D:4      | Reached XP level 7. HP: 39/56 MP: 6/8
  4248 | D:4      | Reached ** piety under Makhleb
  4843 | D:5      | Entered Level 5 of the Dungeon
  4907 | D:5      | Gained mutation: When hurt, damage is shared between your
                  | health and your magic reserves. [demonic ancestry]
  4907 | D:5      | Reached XP level 8. HP: 51/62 MP: 9/9
  5240 | D:5      | Reached skill level 6 in Axes
  5381 | D:5      | Found a staircase to the Ecumenical Temple.
  5955 | D:6      | Found a blossoming altar of Fedhas.
  6257 | D:6      | Reached skill level 7 in Axes
  6944 | D:6      | Found a glowing golden altar of the Shining One.
  6979 | D:6      | Reached skill level 8 in Axes
  6979 | D:6      | Gained mutation: You are partially covered in yellow
                  | scales. (AC +2) [demonic ancestry]
  6979 | D:6      | Reached XP level 9. HP: 65/68 MP: 12/12
  7206 | D:7      | Reached *** piety under Makhleb
  7212 | D:7      | Reached skill level 5 in Invocations
  7316 | D:7      | Found a radiant altar of Vehumet.
  7455 | D:7      | Reached skill level 5 in Evocations
  8515 | D:8      | Found a roughly hewn altar of Beogh.
  8539 | D:8      | Mangled by an orc warrior

Illustrated notes

Levels and vault maps discovered:
D:1:      dpeg_arrival_arbitrary_c, layout_loops_ring, hangedman_feature_mirror
D:2:      layout_basic, lemuel_doored_altar, lemuel_crystal_altar,
          chequers_ecumenical_altar_simple_redux, minivault_11,
          makhleb_heckhound_becter
D:3:      layout_loops_cross, evilmike_ruin_ashenzari, uniq_crazy_yiuf_cottage
D:4:      layout_basic, xom_teletrap_fun, nicolae_overflow_crystal_walls,
          chequers_temple_overflow_statue_of_worship, gup_sewer_entry_bubbles,
          serial_co_window_serial, co_window_paths_a, co_window_cross_1,
          co_window_cross_1, co_window_corner_a, co_window_corner_a,
          co_window_paths_b, co_window_2corner, co_window_of_opportunity_b,
          co_window_2corner, co_window_corner_b, co_window_corner_cb,
          co_window_broadway_b, glass_columns_a, glass_columns_b, uniq_pikel,
          uniq_robin
D:5:      layout_cave_pods, minmay_temple_entry_butterflies, minmay_manual_mares
D:6:      layout_loops_ring, tso_altar, fedhas_altar_decomposition
D:7:      minmay_evil_eye, layout_layer_cave, kennysheep_mini_moat
D:8:      layout_basic, led_sif_book, nicolae_qazlal_general_emergency,
          special_room [special_room_orc], nicolae_ossuary_entry_catacombs,
          minmay_strange_pillars

Skill      XL: |  1  2  3  4  5  6  7  8  9 |
---------------+----------------------------+-----
Axes           | 2 3 4 5 8 |  8.0
Armour         | 3 4 |  4.5
Shields        | 3 4 |  4.6
Dodging        | 2 3 |  3.1
Fighting       | 5 |  5.5
Invocations    | 1 2 4 5 |  5.6
Evocations     | 1 2 5 |  5.4

Action                   |  1- 3 |  4- 6 |  7- 9 || total
-------------------------+-------+-------+-------++-------
Melee: War axe           |    70 |   231 |   364 ||   665
       Headbutt          |     7 |    35 |    73 ||   115
       Unarmed           |       |     7 |       ||     7
  Use: Scroll            |     5 |     9 |     7 ||    21
       Potion            |     3 |       |     2 ||     5
Armor: Scale mail        |    51 |   109 |     2 ||   162
       Skin              |       |     2 |       ||     2
       Chain mail        |       |       |   178 ||   178
Dodge: Dodged            |     8 |    62 |    92 ||   162
Block: Kite shield       |    31 |   111 |   180 ||   322
